[Event "Titled Tuesday Blitz January 10 Early 2023"]
[White "Hamley, Ryan"]
[Black "Foerster-Yialamas, Lucas"]
[WhiteFideId "30959497"]
[BlackFideId "30901774"]
[WhiteElo "2092"]
[BlackElo "2151"]
[Result "1-0"]
[Round "06"]
[TimeControl "180+2"]
[Date "2023.01.10"]
[WhiteClock "0:01:51"]
[BlackClock "0:00:13"]

1. e4 e5 2. Nf3 Nc6 3. Bb5 Nf6 4. d3 Bc5 5. c3 O-O 6. O-O d6 7. Bg5 h6 8. Bh4 g5 9. Bg3 Nh5 10. d4 Nxg3 11. hxg3 exd4 12. cxd4 Bb6 13. Nc3 a6 14. Ba4 Bg4 15. Nd5 Bxf3 16. gxf3 Kg7 17. Rc1 Qd7 18. Nxb6 cxb6 19. d5 b5 20. dxc6 bxc6 21. Bb3 h5 22. Kg2 h4 23. Rh1 hxg3 24. fxg3 Rh8 25. Qd2 f6 26. Rcd1 a5 27. Qxd6 Qxd6 28. Rxd6 Rxh1 29. Kxh1 a4 30. Rd7+ Kg6 31. Be6 Rh8+ 32. Kg2 c5 33. Bf5+ Kh6 34. Rc7 c4 35. Rb7 a3 36. Rxb5 Rd8 37. bxa3 Rd2+ 38. Kf1 g4 39. f4 Rd8 40. Rb7 Rh8 41. Ke2 c3 42. Kd3 c2 43. Kxc2 Kh5 44. Rh7+ Rxh7 45. Bxh7 Kh6 46. Bf5 Kh5 47. a4 Kh6 48. a5 Kh5 49. a6 Kh6 50. a7 Kh5 51. a8=Q Kh6 52. Qh8# 1-0


[Site "https://www.chess.com"]

[Event "Titled Tuesday Blitz January 10 Early 2023"]
[White "Oro, Faustino"]
[Black "Lacasa Diaz, Jose Antonio"]
[WhiteFideId "20000197"]
[BlackFideId "2203375"]
[WhiteElo "2269"]
[BlackElo "2359"]
[Result "1-0"]
[Round "06"]
[TimeControl "180+2"]
[Date "2023.01.10"]
[WhiteClock "0:00:28"]
[BlackClock "0:00:09"]

1. d4 d5 2. Nf3 c5 3. e3 Nf6 4. c3 e6 5. Bd3 Nbd7 6. O-O b6 7. Nbd2 Bb7 8. Qe2 Ne4 9. c4 Bd6 10. b3 O-O 11. Bb2 Qc7 12. Rac1 Rac8 13. h3 Qb8 14. Rfd1 Rfd8 15. Nf1 dxc4 16. Bxc4 cxd4 17. Nxd4 Ne5 18. Nxe6 fxe6 19. Bxe6+ Kh8 20. Bxc8 Rxc8 21. Rxc8+ Bxc8 22. Qh5 Nf6 23. Rxd6 Qxd6 24. Qxe5 Qd1 25. Qb8 Qc2 26. Bxf6 gxf6 27. Qxa7 Qc7 28. Qxc7 1-0


[Site "https://www.chess.com"]

[Event "Titled Tuesday Blitz January 10 Early 2023"]
[White "Sovetbekova, Nurai"]
[Black "Jakubowski, Krzysztof"]
[WhiteFideId "13801910"]
[BlackFideId "1112848"]
[WhiteElo "1764"]
[BlackElo "2486"]
[Result "1-0"]
[Round "06"]
[TimeControl "180+2"]
[Date "2023.01.10"]
[WhiteClock "0:00:29"]
[BlackClock "0:00:01"]

1. d4 Nf6 2. c4 e6 3. g3 d5 4. Bg2 Bb4+ 5. Nd2 O-O 6. Nf3 dxc4 7. Qc2 a5 8. Qxc4 b6 9. O-O Ba6 10. Qc2 Bxe2 11. Re1 Bxf3 12. Bxf3 Ra7 13. a3 Bxd2 14. Bxd2 Qxd4 15. Bc3 Qc5 16. b4 Qf5 17. Qxf5 exf5 18. Bxf6 gxf6 19. Rad1 axb4 20. axb4 Ra3 21. Kg2 Rb3 22. Rd4 Na6 23. Re7 Rxb4 24. Rdd7 c6 25. Bh5 Nc5 26. Ra7 Re4 27. Bxf7+ Kg7 28. Rec7 Kh6 29. Bd5 Rh8 30. Bxe4 Nxe4 31. Rxc6 Kg6 32. Rxb6 h5 33. h4 Rg8 34. Rbb7 Nd6 35. Rd7 1-0


[Site "https://www.chess.com"]

[Event "Titled Tuesday Blitz January 10 Early 2023"]
[White "Fabris, Alberto"]
[Black "Ashraf, Artin"]
[WhiteFideId "801348"]
[BlackFideId "22514805"]
[WhiteElo "2230"]
[BlackElo "2314"]
[Result "0-1"]
[Round "06"]
[TimeControl "180+2"]
[Date "2023.01.10"]
[WhiteClock "0:00:01"]
[BlackClock "0:00:25"]

1. e4 Nc6 2. d4 d5 3. Nc3 Nf6 4. e5 Ne4 5. Nxe4 dxe4 6. Be3 Bf5 7. Ne2 e6 8. Ng3 Bg6 9. h4 h6 10. h5 Bh7 11. c3 f5 12. exf6 Qxf6 13. Qb3 O-O-O 14. O-O-O Bd6 15. Ne2 Ne7 16. Qc2 Nd5 17. Qd2 Rhf8 18. Kb1 Qxf2 19. Bxf2 e3+ 20. Qd3 Bxd3+ 21. Rxd3 Rxf2 22. c4 Rdf8 23. cxd5 Rxf1+ 24. Rxf1 Rxf1+ 25. Kc2 exd5 26. Rxe3 Kd7 27. Kd3 Rf2 28. b3 Rxg2 29. Rf3 Ke7 30. Re3+ Kf6 31. Re8 Kg5 32. Ra8 Kxh5 33. Rxa7 b6 34. Nc3 Rg3+ 35. Kc2 Rg5 36. a4 Kg4 37. Nb5 h5 38. Nxd6 cxd6 39. Rb7 h4 40. Rxb6 h3 41. Rb8 h2 42. Rh8 Rh5 0-1


[Site "https://www.chess.com"]

[Event "Titled Tuesday Blitz January 10 Early 2023"]
[White "Yaksin, Oleg"]
[Black "Larina, Maria"]
[WhiteFideId "24105880"]
[BlackFideId "24113182"]
[WhiteElo "2389"]
[BlackElo "1948"]
[Result "1-0"]
[Round "06"]
[TimeControl "180+2"]
[Date "2023.01.10"]
[WhiteClock "0:00:28"]
[BlackClock "0:00:12"]

1. d4 f5 2. c4 Nf6 3. Nf3 g6 4. g3 Bg7 5. Bg2 O-O 6. O-O d6 7. Nc3 Nc6 8. Re1 e5 9. dxe5 dxe5 10. Nd5 e4 11. Ng5 h6 12. Nh3 g5 13. f3 Re8 14. Be3 exf3 15. exf3 Be6 16. f4 g4 17. Nf2 Bxd5 18. cxd5 Ne7 19. Bd4 Nexd5 20. Rxe8+ Qxe8 21. Bxd5+ Nxd5 22. Bxg7 Ne3 23. Qd4 Nc2 24. Qc4+ Kxg7 25. Qxc2 Qf7 26. Re1 Rd8 27. Qc3+ Kg8 28. b3 Rd6 29. Qe5 Kh7 30. Qe7 Rd7 31. Qxf7+ Rxf7 32. Rd1 Re7 33. Kf1 Kg6 34. Rd5 Kf6 35. Nd3 c6 36. Rd4 Re6 37. Ne5 h5 38. Rd7 b6 39. Rf7# 1-0


[Site "https://www.chess.com"]

[Event "Titled Tuesday Blitz January 10 Early 2023"]
[White "Ronka, Erik"]
[Black "Pranav, V"]
[WhiteFideId "505080"]
[BlackFideId "25060783"]
[WhiteElo "2276"]
[BlackElo "2597"]
[Result "0-1"]
[Round "06"]
[TimeControl "180+2"]
[Date "2023.01.10"]
[WhiteClock "0:00:01"]
[BlackClock "0:01:06"]

1. e4 e5 2. Nf3 Nc6 3. Bb5 a6 4. Ba4 d6 5. O-O Bd7 6. d4 exd4 7. Bxc6 bxc6 8. Qxd4 f6 9. c4 c5 10. Qe3 Ne7 11. Nc3 Nc6 12. Nd5 Be7 13. Bd2 O-O 14. Bc3 Ne5 15. Nd2 c6 16. Nf4 Re8 17. Qg3 Bf8 18. Rad1 Qe7 19. Rfe1 Qf7 20. h3 Kh8 21. b3 a5 22. Ne2 a4 23. f4 Ng6 24. f5 Ne5 25. Nf4 axb3 26. axb3 Ra2 27. Nf3 Nxf3+ 28. Qxf3 Kg8 29. Rd3 Ra3 30. Bb2 Ra2 31. Bc3 Bc8 32. g4 Bd7 33. h4 Rb8 34. g5 fxg5 35. hxg5 g6 36. f6 Rxb3 37. e5 dxe5 38. Bxe5 Rxd3 39. Qxd3 Bf5 40. Qb3 Ra8 41. Rd1 Re8 42. Qc3 h6 43. Bd6 hxg5 44. Ng2 Rd8 45. Bxf8 Rxd1+ 46. Kf2 Qxf8 47. Ne3 Rd4 48. Qa5 Qxf6 49. Ke1 Qe5 0-1


[Site "https://www.chess.com"]

[Event "Titled Tuesday Blitz January 10 Early 2023"]
[White "Howell, David W L"]
[Black "Shohat, Yotam"]
[WhiteFideId "410608"]
[BlackFideId "2813955"]
[WhiteElo "2677"]
[BlackElo "2346"]
[Result "1-0"]
[Round "06"]
[TimeControl "180+2"]
[Date "2023.01.10"]
[WhiteClock "0:00:09"]
[BlackClock "0:00:01"]

1. e4 c5 2. Nf3 g6 3. Bc4 Bg7 4. O-O e6 5. d4 cxd4 6. Nxd4 a6 7. c3 Ne7 8. a4 O-O 9. Na3 Nbc6 10. Nac2 d5 11. exd5 exd5 12. Ba2 Be6 13. Nxe6 fxe6 14. Re1 Qd6 15. Qe2 e5 16. Bg5 Bf6 17. Bh6 Bg7 18. Bg5 Bf6 19. Bd2 Kg7 20. Rad1 d4 21. cxd4 exd4 22. Qe6 Qxe6 23. Rxe6 Rad8 24. Ne1 d3 25. Re3 Bd4 26. Bc3 Nf5 27. Rexd3 Bxc3 28. Rxd8 Rxd8 29. Rxd8 Bxe1 30. Rd7+ Kf6 31. Rxb7 Nfd4 32. Bd5 Ke5 33. Bxc6 Nxc6 34. Rxh7 Kd4 35. Kf1 Bb4 36. Rg7 Kc4 37. Rxg6 Kc5 38. Ke2 Nd4+ 39. Kd3 Nb3 40. Rg5+ Kb6 41. Kc4 1-0


[Site "https://www.chess.com"]

[Event "Titled Tuesday Blitz January 10 Early 2023"]
[White "Kupervaser, Erez"]
[Black "Tan, Zhongyi"]
[WhiteFideId "2814587"]
[BlackFideId "8603642"]
[WhiteElo "2269"]
[BlackElo "2517"]
[Result "0-1"]
[Round "06"]
[TimeControl "180+2"]
[Date "2023.01.10"]
[WhiteClock "0:00:43"]
[BlackClock "0:00:58"]

1. e4 c5 2. Nf3 d6 3. Bb5+ Bd7 4. Bxd7+ Qxd7 5. O-O Nc6 6. c3 Nf6 7. Re1 e6 8. d4 cxd4 9. cxd4 d5 10. e5 Ne4 11. a3 Be7 12. Qd3 O-O 13. Nbd2 Nxd2 14. Bxd2 Rac8 15. h4 b6 16. g3 Na5 17. b3 a6 18. Kg2 Qb5 19. Qxb5 axb5 20. Reb1 Rc2 21. Bb4 Bxb4 22. axb4 Nc6 23. Ra6 Rb8 24. Rba1 h6 25. Ra8 Rxa8 26. Rxa8+ Kh7 27. Ra6 Nxb4 28. Rxb6 Nd3 29. g4 Nxf2 30. Kg3 Ne4+ 31. Kf4 Rf2 32. Rxb5 g5+ 33. Ke3 Rg2 34. hxg5 hxg5 35. Ra5 Rxg4 36. Ra1 Rg2 37. Ra7 Kg7 38. b4 Rb2 39. Rb7 g4 40. Ne1 g3 41. Kf3 Rf2+ 42. Ke3 g2 43. Nxg2 Rxg2 44. b5 Rb2 0-1


[Site "https://www.chess.com"]

[Event "Titled Tuesday Blitz January 10 Early 2023"]
[White "Heinemann, Josefine"]
[Black "Tanenbaum, Zachary"]
[WhiteFideId "12900460"]
[BlackFideId "2060850"]
[WhiteElo "2289"]
[BlackElo "2261"]
[Result "0-1"]
[Round "06"]
[TimeControl "180+2"]
[Date "2023.01.10"]
[WhiteClock "0:02:04"]
[BlackClock "0:02:07"]

1. e4 e5 2. Nf3 Nc6 3. Bc4 Nf6 4. d3 Be7 5. O-O O-O 6. Nc3 d6 7. a4 Be6 8. Nd5 a6 9. Be3 Kh8 10. a5 Ng4 11. Nxe7 Qxe7 12. Bxe6 Qxe6 13. c4 f5 14. exf5 Qxf5 15. Qd2 Qg6 16. b4 Rxf3 17. gxf3 Nxe3+ 18. Kh1 Qg2# 0-1


[Site "https://www.chess.com"]

[Event "Titled Tuesday Blitz January 10 Early 2023"]
[White "Sai Krishna G V"]
[Black "Boder, Jan"]
[WhiteFideId "5028280"]
[BlackFideId "16243226"]
[WhiteElo "2384"]
[BlackElo "2294"]
[Result "1/2-1/2"]
[Round "06"]
[TimeControl "180+2"]
[Date "2023.01.10"]
[WhiteClock "0:00:46"]
[BlackClock "0:00:36"]

1. e4 c5 2. Nf3 Nc6 3. Nc3 g6 4. d4 cxd4 5. Nxd4 Bg7 6. Be3 Nf6 7. Bc4 O-O 8. Bb3 a5 9. a4 Ng4 10. Qxg4 Nxd4 11. Bxd4 Bxd4 12. O-O-O Bxc3 13. bxc3 d6 14. Qg3 b5 15. axb5 a4 16. Ba2 Be6 17. Rd5 Bxd5 18. Bxd5 a3 19. c4 a2 20. Kb2 a1=Q+ 21. Rxa1 Rxa1 22. Kxa1 e6 23. Bc6 Qa5+ 24. Kb2 Qb4+ 25. Qb3 Qc5 26. Qe3 Qxc4 27. Qc3 Qa4 28. b6 Qa6 29. b7 Rb8 30. f3 Qb6+ 31. Kc1 Qg1+ 32. Kb2 Qb6+ 33. Kc1 Rxb7 34. Bxb7 Qxb7 35. Qd4 Qa6 36. Kb2 h5 37. h4 Qb5+ 38. Kc3 Qa5+ 39. Kb3 Qb5+ 40. Kc3 Qa5+ 41. Kb2 Qb5+ 42. Kc3 1/2-1/2


[Site "https://www.chess.com"]

[Event "Titled Tuesday Blitz January 10 Early 2023"]
[White "Sihite, Chelsie Monica Ignesias"]
[Black "Klose, Eli"]
[WhiteFideId "7101198"]
[BlackFideId "16242955"]
[WhiteElo "2266"]
[BlackElo "1519"]
[Result "1-0"]
[Round "06"]
[TimeControl "180+2"]
[Date "2023.01.10"]
[WhiteClock "0:00:32"]
[BlackClock "0:00:09"]

1. e4 e6 2. d4 d5 3. Nd2 Be7 4. Bd3 c5 5. dxc5 Nf6 6. Ngf3 dxe4 7. Nxe4 Nxe4 8. Bxe4 Qxd1+ 9. Kxd1 Bxc5 10. Ke2 f5 11. Bd3 Nc6 12. Bb5 Bd7 13. Be3 Be7 14. Rhd1 a6 15. Bxc6 Bxc6 16. Ne5 Bxg2 17. f3 Bh3 18. Rg1 Bf6 19. Nd3 f4 20. Nxf4 Bf5 21. Nh5 Bxc2 22. Nxf6+ gxf6 23. Rg7 Bg6 24. Rc1 b5 25. Rcc7 Rb8 26. Rge7+ Kd8 27. Ba7 Ra8 28. Bb6 Rb8 29. Rb7+ Kc8 30. Rec7+ Kd8 31. Rxb8# 1-0


[Site "https://www.chess.com"]

[Event "Titled Tuesday Blitz January 10 Early 2023"]
[White "Shubenkova, Veronika"]
[Black "Maksimenko, Viktor"]
[WhiteFideId "44124040"]
[BlackFideId "13710478"]
[WhiteElo "1960"]
[BlackElo "2196"]
[Result "0-1"]
[Round "06"]
[TimeControl "180+2"]
[Date "2023.01.10"]
[WhiteClock "0:01:29"]
[BlackClock "0:01:28"]

1. e4 e5 2. Nf3 Nc6 3. Bb5 a6 4. Bxc6 dxc6 5. O-O Qd6 6. b3 f6 7. Ba3 c5 8. d3 Be6 9. Nbd2 Qd7 10. Nc4 a5 11. Ne3 b6 12. c4 c6 13. Bb2 Ne7 14. a4 g5 15. Qe2 O-O-O 16. Rad1 Ng6 17. Ne1 h5 18. Bc1 Kb7 19. N3c2 g4 20. f3 Be7 21. f4 exf4 22. Bxf4 f5 23. exf5 Bxf5 24. Be5 Rhe8 25. d4 cxd4 26. Nxd4 Bc5 27. Kh1 Rxe5 28. Nxf5 Rxe2 29. Rxd7+ Rxd7 30. Ng3 Re5 0-1


[Site "https://www.chess.com"]

[Event "Titled Tuesday Blitz January 10 Early 2023"]
[White "Tarasova, Viktoriya"]
[Black "Sourath Biswas"]
[WhiteFideId "4175840"]
[BlackFideId "35091484"]
[WhiteElo "2226"]
[BlackElo "2281"]
[Result "0-1"]
[Round "06"]
[TimeControl "180+2"]
[Date "2023.01.10"]
[WhiteClock "0:00:02"]
[BlackClock "0:00:02"]

1. d4 Nf6 2. c4 g6 3. Nc3 Bg7 4. e4 O-O 5. h3 d6 6. Be3 e5 7. d5 Na6 8. g4 Nd7 9. Be2 f5 10. exf5 gxf5 11. gxf5 Ndc5 12. Nf3 Bxf5 13. a3 c6 14. Rg1 Kh8 15. Ng5 Qf6 16. b4 e4 17. Rc1 Nd3+ 18. Bxd3 exd3 19. Ne6 Bxe6 20. dxe6 Qxe6 21. Qxd3 Rae8 22. h4 Qf6 23. Kd2 Bh6 24. Ne4 Bxe3+ 25. fxe3 Qe5 26. Nc3 Rf2+ 27. Ne2 Qb2+ 28. Rc2 Qe5 29. h5 Nc7 30. Rg4 Qh2 31. Rd4 Ne6 32. Rxd6 Nf4 33. Qd4+ Kg8 0-1


[Site "https://www.chess.com"]

[Event "Titled Tuesday Blitz January 10 Early 2023"]
[White "Bozorov, Makhsum"]
[Black "Yelisieiev, Yevhenii"]
[WhiteFideId "14201330"]
[BlackFideId "14139642"]
[WhiteElo "2145"]
[BlackElo "2418"]
[Result "1/2-1/2"]
[Round "06"]
[TimeControl "180+2"]
[Date "2023.01.10"]
[WhiteClock "0:00:52"]
[BlackClock "0:00:07"]

1. d4 d6 2. Nf3 Nf6 3. c4 Nbd7 4. Nc3 e5 5. Bg5 Be7 6. e3 O-O 7. Qc2 c6 8. Bd3 h6 9. Bxf6 Bxf6 10. O-O-O exd4 11. Nxd4 Nc5 12. Bf5 Qe7 13. Bxc8 Raxc8 14. Nf5 Qe6 15. Rxd6 Qxc4 16. Rxf6 Nd3+ 17. Kb1 gxf6 18. Ne7+ Kg7 19. Nxc8 Rxc8 20. Rd1 Rd8 21. a3 b5 22. Ne2 Rd5 23. Nc3 Rd7 24. Ne2 Rd5 25. Nc3 Rd7 26. Ne2 Rd5 1/2-1/2


[Site "https://www.chess.com"]

[Event "Titled Tuesday Blitz January 10 Early 2023"]
[White "Melian, Juan Sebastian"]
[Black "marik_spb"]
[WhiteFideId "3706575"]
[WhiteElo "2293"]
[BlackElo "2432"]
[Result "1-0"]
[Round "06"]
[TimeControl "180+2"]
[Date "2023.01.10"]
[WhiteClock "0:00:04"]
[BlackClock "0:00:07"]

1. Nf3 Nf6 2. d4 d5 3. c4 e6 4. Nc3 Bb4 5. Qc2 O-O 6. a3 Bxc3+ 7. Qxc3 dxc4 8. Qxc4 b6 9. Bg5 Ba6 10. Qc2 c5 11. dxc5 Nbd7 12. Rd1 Qc7 13. c6 Rac8 14. Bxf6 Nxf6 15. Qa4 Qxc6 16. Qxa6 Rfd8 17. Nd4 Qc5 18. e3 e5 19. Bd3 exd4 20. exd4 Qe7+ 21. Kf1 Rc7 22. g3 Qe6 23. Be2 Qh3+ 24. Kg1 Rc2 25. Bf1 Qf5 26. Be2 Ne4 27. f3 Ng5 28. Qd3 Qxd3 29. Bxd3 Nxf3+ 30. Kf1 Rxb2 31. Be2 Nxd4 32. Bd3 1-0


[Site "https://www.chess.com"]

[Event "Titled Tuesday Blitz January 10 Early 2023"]
[White "Golubev, Mikhail"]
[Black "Stanojevic, Ilija"]
[WhiteFideId "14100983"]
[BlackFideId "959995"]
[WhiteElo "2461"]
[BlackElo "2142"]
[Result "1-0"]
[Round "06"]
[TimeControl "180+2"]
[Date "2023.01.10"]
[WhiteClock "0:00:33"]
[BlackClock "0:00:07"]

1. e4 d6 2. d4 Nf6 3. Nc3 Nbd7 4. f4 e5 5. Nf3 exd4 6. Qxd4 c6 7. Be3 d5 8. exd5 Bc5 9. Qd2 O-O 10. O-O-O Bxe3 11. Qxe3 Re8 12. Qd4 cxd5 13. Nxd5 Qa5 14. Bc4 Nxd5 15. Qxd5 Qxd5 16. Bxd5 Nf6 17. Bb3 Bg4 18. Rd3 Bxf3 19. Rxf3 Re2 20. g3 Rd8 21. Bc4 Rg2 22. Bf1 Rgd2 23. Bd3 Rg2 24. h3 Nd5 25. Bf1 Nb4 26. Bxg2 Nxa2+ 27. Kb1 Nb4 28. Rb3 1-0


[Site "https://www.chess.com"]

[Event "Titled Tuesday Blitz January 10 Early 2023"]
[White "Kaminski, Victor"]
[Black "Mendez Fortes, Eduardo Jesus"]
[WhiteFideId "1131630"]
[BlackFideId "3502376"]
[WhiteElo "2247"]
[BlackElo "2250"]
[Result "0-1"]
[Round "06"]
[TimeControl "180+2"]
[Date "2023.01.10"]
[WhiteClock "0:01:04"]
[BlackClock "0:02:11"]

1. d4 Nf6 2. c4 e6 3. g3 d5 4. Bg2 dxc4 5. Nf3 a6 6. O-O Nc6 7. e3 Rb8 8. Nfd2 e5 9. Bxc6+ bxc6 10. dxe5 Ng4 11. Nxc4 Be6 12. Nbd2 Bb4 13. Qc2 h5 14. b3 h4 15. Nf3 hxg3 16. fxg3 Bc5 17. Qe2 Qd5 18. Ba3 Ba7 19. Rad1 Qe4 20. Ng5 Bxc4 21. bxc4 Bxe3+ 22. Rf2 Bxf2+ 23. Qxf2 Nxf2 0-1


[Site "https://www.chess.com"]

[Event "Titled Tuesday Blitz January 10 Early 2023"]
[White "Jiganchine, Roman"]
[Black "Iskusnyh, Sergei"]
[WhiteFideId "2603667"]
[BlackFideId "4120027"]
[WhiteElo "2205"]
[BlackElo "2440"]
[Result "0-1"]
[Round "06"]
[TimeControl "180+2"]
[Date "2023.01.10"]
[WhiteClock "0:00:12"]
[BlackClock "0:00:15"]

1. e4 e6 2. d4 d5 3. Nd2 c5 4. c3 cxd4 5. cxd4 dxe4 6. Nxe4 Nf6 7. Nc3 Be7 8. Nf3 O-O 9. Bd3 b6 10. O-O Ba6 11. Bxa6 Nxa6 12. Ne5 Qc7 13. Bf4 Qb7 14. Rc1 Nb4 15. Nb5 Rac8 16. a3 Nbd5 17. Bg3 a6 18. Nc3 Nxc3 19. Rxc3 Nd5 20. Rxc8 Rxc8 21. Qf3 Bf6 22. Ng4 Bxd4 23. Rd1 Bxb2 24. h4 Qc6 25. h5 h6 26. Be5 Bxe5 27. Nxe5 Qc7 28. Ng4 Qf4 29. Qh3 Rc3 30. Ne3 Nxe3 31. Rd8+ Kh7 32. fxe3 Qxe3+ 33. Qxe3 Rxe3 34. Rb8 b5 35. a4 bxa4 36. Ra8 a3 37. Rxa6 g6 38. hxg6+ Kxg6 39. Kf2 Rb3 40. Ra7 f6 41. Ra8 e5 42. Ra4 f5 43. Ra6+ Kg5 0-1


[Site "https://www.chess.com"]

[Event "Titled Tuesday Blitz January 10 Early 2023"]
[White "Fisher_TheGalactic"]
[Black "Rychkov, Roman"]
[BlackFideId "30985595"]
[WhiteElo "2530"]
[BlackElo "2023"]
[Result "1-0"]
[Round "06"]
[TimeControl "180+2"]
[Date "2023.01.10"]
[WhiteClock "0:01:48"]
[BlackClock "0:01:17"]

1. Nf3 Nf6 2. g3 b5 3. Bg2 Bb7 4. O-O c5 5. d3 d5 6. Nbd2 e6 7. Ne5 Qc7 8. Ndf3 Bd6 9. Bf4 Nh5 10. e3 Nxf4 11. exf4 d4 12. Re1 Nd7 13. Nxf7 Kxf7 14. Ng5+ Kg8 15. Nxe6 Qb6 16. Qg4 Bf8 17. Nxf8 Nxf8 18. Re7 1-0


[Site "https://www.chess.com"]

[Event "Titled Tuesday Blitz January 10 Early 2023"]
[White "Afanasieva, Alexandra"]
[Black "Rangel, Daniel"]
[WhiteFideId "34126926"]
[BlackFideId "2124475"]
[WhiteElo "1857"]
[BlackElo "2207"]
[Result "0-1"]
[Round "06"]
[TimeControl "180+2"]
[Date "2023.01.10"]
[WhiteClock "0:00:09"]
[BlackClock "0:00:53"]

1. e4 c5 2. Nf3 g6 3. d4 cxd4 4. Nxd4 Bg7 5. Be2 Nc6 6. Nb3 d6 7. O-O Nf6 8. Nc3 O-O 9. Re1 Be6 10. Bf1 Na5 11. Nd5 Bxd5 12. exd5 Rc8 13. c3 Nc4 14. a4 Nd7 15. h3 a6 16. Nd4 Ndb6 17. Bg5 Re8 18. b3 Ne5 19. c4 Nbd7 20. Qd2 Qb6 21. Be3 Nc5 22. b4 Ncd7 23. f4 Nxc4 24. Bxc4 Rxc4 25. Nc6 Qc7 26. Qd3 Rc3 27. Qd2 bxc6 28. Bd4 Bxd4+ 29. Qxd4 cxd5 0-1


[Site "https://www.chess.com"]

[Event "Titled Tuesday Blitz January 10 Early 2023"]
[White "Goltseva, Ekaterina"]
[Black "Makhmudov, Shukhrat"]
[WhiteFideId "24173770"]
[BlackFideId "14200775"]
[WhiteElo "2283"]
[BlackElo "2115"]
[Result "1/2-1/2"]
[Round "06"]
[TimeControl "180+2"]
[Date "2023.01.10"]
[WhiteClock "0:00:02"]
[BlackClock "0:00:27"]

1. d4 Nf6 2. c4 e6 3. g3 d5 4. Bg2 Be7 5. Nf3 O-O 6. Qc2 c6 7. O-O b6 8. Nbd2 Ba6 9. b3 Nbd7 10. Rd1 Rc8 11. e4 Bb7 12. e5 Ne8 13. Nf1 c5 14. cxd5 cxd4 15. Qe2 Bxd5 16. Bb2 Bc5 17. Nxd4 Bxg2 18. Kxg2 Qe7 19. Qe4 Bxd4 20. Qxd4 Nc5 21. Ne3 Nc7 22. Nc4 Nd5 23. Nd6 Rcd8 24. Ba3 Qc7 25. Rac1 Qc6 26. Kg1 Qa8 27. Bxc5 bxc5 28. Rxc5 f6 29. Re1 fxe5 30. Qxe5 Rf6 31. Rb5 Qc6 32. Nb7 Rd7 33. a4 Rxb7 34. Rxb7 Qxb7 35. Qd6 h6 36. Rxe6 Rxe6 37. Qxe6+ Kh8 38. Qe8+ Kh7 39. Qe4+ Kg8 40. Qe8+ Kh7 41. Qe4+ g6 42. h4 h5 43. b4 Qd7 44. b5 Nf6 45. Qf4 Ng4 46. Qf3 Ne5 47. Qe4 Qd1+ 48. Kg2 Qa1 49. a5 Ng4 50. Qe7+ Kh8 51. Qe8+ Kh7 52. Qe7+ Kh8 53. Qe8+ Kh7 54. Qe7+ 1/2-1/2


[Site "https://www.chess.com"]

[Event "Titled Tuesday Blitz January 10 Early 2023"]
[White "Jenkins, Drake"]
[Black "Khamdamova, Afruza"]
[WhiteFideId "2022397"]
[BlackFideId "14210444"]
[WhiteElo "2130"]
[BlackElo "2162"]
[Result "0-1"]
[Round "06"]
[TimeControl "180+2"]
[Date "2023.01.10"]
[WhiteClock "0:00:02"]
[BlackClock "0:01:11"]

1. Nf3 Nf6 2. c4 e6 3. g3 d5 4. Bg2 dxc4 5. O-O c5 6. Na3 Be7 7. Nxc4 O-O 8. d3 Nc6 9. Bf4 a6 10. Rc1 b5 11. Nce5 Bb7 12. a4 Nxe5 13. Bxe5 Rc8 14. axb5 axb5 15. Qb3 Qb6 16. Nd2 Bxg2 17. Kxg2 Rfd8 18. Bxf6 Bxf6 19. Ne4 Qc6 20. Kg1 Be7 21. Nc3 Rb8 22. Qc2 Rdc8 23. Rfd1 h6 24. Ra1 c4 25. Rac1 cxd3 26. Qxd3 b4 27. Na2 Qa4 28. Rxc8+ Rxc8 29. Qd7 Qxd7 30. Rxd7 Kf8 31. Rd2 f5 32. e3 Ra8 33. b3 Ra3 34. Nc1 Ra1 35. Rc2 Bf6 36. Kg2 Rb1 37. Kf3 Bc3 0-1


[Site "https://www.chess.com"]

[Event "Titled Tuesday Blitz January 10 Early 2023"]
[White "Sala, Giulia"]
[Black "Krienke, Makaio"]
[WhiteFideId "2840451"]
[BlackFideId "2038854"]
[WhiteElo "1998"]
[BlackElo "2115"]
[Result "0-1"]
[Round "06"]
[TimeControl "180+2"]
[Date "2023.01.10"]
[WhiteClock "0:00:11"]
[BlackClock "0:00:16"]

1. e4 e5 2. Nf3 Nc6 3. Bc4 Nf6 4. d4 exd4 5. O-O Be7 6. e5 Ne4 7. Re1 d5 8. Bb5 Bd7 9. Bxc6 bxc6 10. Nxd4 O-O 11. c3 c5 12. Nb3 c6 13. f3 Ng5 14. Bxg5 Bxg5 15. Nxc5 Qb6 16. Qd4 Bf5 17. b3 a5 18. Ne6 Qxd4+ 19. Nxd4 Bd7 20. Na3 Rfe8 21. g3 Bd2 22. Re2 Bxc3 23. Rd1 c5 24. Ndb5 Bb4 25. Rxd5 Bc6 26. Rd3 a4 27. Ree3 Reb8 28. Nc7 Bxa3 29. Nxa8 Rxa8 30. bxa4 Bb4 31. Re4 Bxe4 32. fxe4 Kf8 33. Rd5 Rxa4 34. Kf2 Ke7 35. Ke3 Rxa2 36. Kf4 Rxh2 37. Kf5 g6+ 38. Kg5 Bd2+ 39. Kg4 h5+ 40. Kf3 Bb4 41. Rd1 Rd2 42. Ra1 Ke6 43. Ra6+ Ke7 44. Ra7+ Rd7 45. Ra6 c4 46. Rc6 c3 47. Rc4 Ba5 48. Rc5 Rc7 0-1


[Site "https://www.chess.com"]

[Event "Titled Tuesday Blitz January 10 Early 2023"]
[White "Cepo, Toni"]
[Black "Ibadov, Dashgyn"]
[WhiteFideId "4675916"]
[BlackFideId "24107514"]
[WhiteElo "2145"]
[BlackElo "2391"]
[Result "0-1"]
[Round "06"]
[TimeControl "180+2"]
[Date "2023.01.10"]
[WhiteClock "0:01:30"]
[BlackClock "0:01:52"]

1. e4 e6 2. d4 d5 3. Nd2 Nc6 4. Ngf3 Nf6 5. e5 Nd7 6. c3 f6 7. exf6 Qxf6 8. Bd3 Bd6 9. O-O O-O 10. Re1 e5 11. dxe5 Ndxe5 12. Be2 Bg4 13. Qb3 Rae8 14. Qxd5+ Kh8 15. Rf1 Nxf3+ 16. Bxf3 Bxh2+ 17. Kxh2 Re5 18. Qc4 Qh4+ 19. Kg1 Rh5 0-1


[Site "https://www.chess.com"]

[Event "Titled Tuesday Blitz January 10 Early 2023"]
[White "Ruge, Edison"]
[Black "Kuznetsova, Olga"]
[WhiteFideId "4401000"]
[BlackFideId "4191323"]
[WhiteElo "2201"]
[BlackElo "2142"]
[Result "0-1"]
[Round "06"]
[TimeControl "180+2"]
[Date "2023.01.10"]
[WhiteClock "0:00:09"]
[BlackClock "0:00:50"]

1. e4 e5 2. Nf3 Nf6 3. d3 Nc6 4. Nc3 d5 5. Be2 dxe4 6. dxe4 Qxd1+ 7. Bxd1 Bb4 8. Nd2 Be6 9. O-O O-O-O 10. Be2 Nd4 11. Bd3 a6 12. f3 h6 13. Ndb1 g5 14. Be3 Rhg8 15. Bxd4 Rxd4 16. Ne2 Rdd8 17. g4 h5 18. h3 h4 19. Kg2 Rd7 20. a3 Ba5 21. Nbc3 Rgd8 22. Rad1 Nh7 23. b4 Bb6 24. Nc1 Nf8 25. Be2 Ng6 26. Rxd7 Rxd7 27. Nd3 Bc4 28. Rd1 Bd4 29. Na4 Bxd3 30. Bxd3 Nf4+ 31. Kh2 Bf2 32. Nc5 Rd6 33. Kh1 Bg3 34. b5 axb5 35. Rb1 b6 36. Nb3 Nxd3 37. cxd3 Rxd3 38. Kg2 c5 39. Nxc5 bxc5 40. Rxb5 Rc3 41. Rb6 Kc7 42. Rf6 Rxa3 43. Rxf7+ Kc6 44. Rf5 Bf4 45. Rf6+ Kb5 46. Kf1 Ra2 47. Ke1 c4 48. Kd1 c3 49. Rf8 c2+ 50. Ke2 c1=Q+ 51. Kd3 Qd2# 0-1


[Site "https://www.chess.com"]

[Event "Titled Tuesday Blitz January 10 Early 2023"]
[White "Kobalia, Mikhail"]
[Black "Legenia, Artem"]
[WhiteFideId "4119150"]
[BlackFideId "14136945"]
[WhiteElo "2578"]
[BlackElo "2092"]
[Result "1-0"]
[Round "06"]
[TimeControl "180+2"]
[Date "2023.01.10"]
[WhiteClock "0:01:35"]
[BlackClock "0:01:39"]

1. e4 d5 2. exd5 Qxd5 3. Nc3 Qa5 4. d4 Nf6 5. Bc4 Nc6 6. d5 Ne5 7. Bb5+ Bd7 8. Bxd7+ Nexd7 9. Nf3 O-O-O 10. Ng5 Rg8 11. Nxf7 Re8 12. Ng5 Nb6 13. O-O Nbxd5 14. Nxd5 Qxd5 15. Qxd5 Nxd5 16. Ne6 Kd7 17. Re1 Nb4 18. Bf4 Nxc2 19. Rad1+ Kc8 20. Re2 Nb4 21. Red2 Nc6 22. b4 a6 23. a4 g6 24. b5 1-0


[Site "https://www.chess.com"]